 Dungeon Crawl Stone Soup version 0.29.1-15-g9cfb28693d (webtiles) character file.

Game seed: 9042427308250534534

78 Descartes the Magician (level 4, 0/24 HPs)
             Began as a Deep Elf Earth Elementalist on Mar 30, 2023.
             Killed from afar by Natasha (8 damage)
             ... with a magic dart
             ... on level 2 of the Dungeon.
             The game lasted 00:02:54 (1253 turns).

Descartes the Magician (DEEE)                       Turns: 1253, Time: 00:02:56

Health: 0/24       AC:  2    Str:  5    XL:     4   Next: 15%
Magic:  6/12       EV: 12    Int: 22    God:
Gold:   7          SH:  4    Dex: 15    Spells: 10/11 levels left

rFire   . . .      SeeInvis .   g - +0 dagger
rCold   . . .      Faith    .   e - +0 buckler
rNeg    . . .      Spirit   .   a - +0 robe
rPois   .          Reflect  .   (no helmet)
rElec   .          Harm     .   (no cloak)
rCorr   .          Rampage  .   (no gloves)
Will    .....                   (no boots)
Stlth   ++........              (no amulet)
HPRegen 0.08/turn               (no ring)
MPRegen 0.13/turn               (no ring)

@: no status effects
A: no striking features
a: no special abilities


You were on level 2 of the Dungeon.
You visited 1 branch of the dungeon, and saw 2 of its levels.

You collected 7 gold pieces.

Inventory:

Hand Weapons
 g - a +0 dagger (weapon)
Armour
 a - a +0 robe (worn)
 e - a +0 buckler (worn)
Scrolls
 d - 2 scrolls of identify {unknown}
 i - a scroll of amnesia {unknown}
 j - 3 scrolls of teleportation {unknown}
 k - a scroll of brand weapon {unknown}
Potions
 b - a potion of magic
 c - a potion of degeneration {unknown}
 f - 2 potions of curing {unknown}
 h - a potion of mutation {unknown}


   Skills:
 - Level 2.4 Dodging
 - Level 2.4 Stealth
 + Level 1.5 Shields
 + Level 4.1 Spellcasting
 - Level 1.1 Transmutations
 - Level 1.0 Fire Magic
 + Level 4.1 Earth Magic


You had 10 spell levels left.
You knew the following spells:

 Your Spells              Type           Power      Damage    Failure   Level
a - Sandblast             Erth           44%        2d11      2%          1

Your spell library contained the following spells:

 Spells                   Type           Power      Damage    Failure   Level
 Passwall                 Tmut/Erth      13%        N/A       8%          2
 Stone Arrow              Conj/Erth      26%        3d8       19%         3
 Petrify                  Tmut/Erth      16%        N/A       45%         4


Dungeon Overview and Level Annotations

Branches:
Dungeon (2/15)

Altars:

Shops:
D:2 *

Annotations:
D:2 Natasha


Message History

Natasha screams in fury as she dies!
Your Spellcasting skill increases to level 4!
Your Earth Magic skill increases to level 4!
You have reached level 4!
You feel clever.
Casting: Sandblast (safe; 2% risk of failure)
Confirm with . or Enter, or press ? or * to list all spells.
Aiming: Sandblast (safe; 2% risk of failure)
Press: ? - help, Shift-Dir - straight line, f - endoplasm
Aim: an endoplasm (98% to hit)
The blast of sand hits the endoplasm!
You kill the endoplasm!
Your magical contamination has completely faded away.
Natasha, Servant of Life and Death comes into view.
Natasha stares at you and mumbles some strange words.
The magic dart hits you.
* * * LOW HITPOINT WARNING * * *
Casting: Sandblast (safe; 2% risk of failure)
Confirm with . or Enter, or press ? or * to list all spells.
Aiming: Sandblast (safe; 2% risk of failure)
Press: ? - help, Shift-Dir - straight line, f - Natasha
Aim: Natasha (79% to hit)
The blast of sand misses Natasha.
Casting: Sandblast (safe; 2% risk of failure)
Confirm with . or Enter, or press ? or * to list all spells.
Aiming: Sandblast (safe; 2% risk of failure)
Press: ? - help, Shift-Dir - straight line, f/p - Natasha
Aim: Natasha (79% to hit)
The blast of sand hits Natasha.
Natasha is moderately wounded.
Casting: Sandblast (safe; 2% risk of failure)
Confirm with . or Enter, or press ? or * to list all spells.
Aiming: Sandblast (safe; 2% risk of failure)
Press: ? - help, Shift-Dir - straight line, f/p - Natasha
Aim: Natasha (moderately wounded, 79% to hit)
The blast of sand hits Natasha!
Natasha is almost dead.
Natasha stares at you and mumbles some strange words.
The magic dart hits you!
You die...

##### ...###### ##
###...... ..#.#
#.....######## #.#.#
#..@h........###.#.#
#..####.####........
..................≈≈≈≈
..#.#............#..≈...
# #.......####.#..≈≈≈≈
#.###...#..#.#.#...#
#.......#......#..## ##
#....#....#.#....
#.......###.#....


You could see Natasha.

Vanquished Creatures
  Natasha (twice) (D:2)
  A dart slug (D:2)
  5 endoplasms
  4 hobgoblins (D:1)
  A kobold (D:1)
  4 quokkas
  2 ball pythons (D:1)
  2 goblins (D:1)
  2 rats
23 creatures vanquished.

Notes
Turn   | Place    | Note
-------+----------+-------------------------------------------
     0 | D:1      | Descartes the Deep Elf Earth Elementalist began the quest
                  | for the Orb.
     0 | D:1      | Reached XP level 1. HP: 10/10 MP: 6/6
   172 | D:1      | Reached XP level 2. HP: 15/15 MP: 0/8
   382 | D:1      | Reached skill level 1 in Fire Magic
  1065 | D:2      | Found Koeczokk's Assorted Antiques.
  1071 | D:2      | Noticed Natasha
  1077 | D:2      | Killed Natasha
  1078 | D:2      | Reached skill level 1 in Shields
  1078 | D:2      | Reached XP level 3. HP: 11/19 MP: 6/10
  1238 | D:2      | Noticed Natasha
  1243 | D:2      | Killed Natasha
  1244 | D:2      | Reached XP level 4. HP: 12/24 MP: 8/12
  1250 | D:2      | Noticed Natasha
  1253 | D:2      | Killed from afar by Natasha

Illustrated notes

Levels and vault maps discovered:
D:1:      dpeg_arrival_long_road, layout_basic
D:2:      layout_basic, serial_shops, nicolae_square_shop,
          ebering_ecumenical_altar_ruins, chequers_serial_rivers_micro_d,
          uniq_natasha

Skill      XL: |  1  2  3 |
---------------+----------+-----
Fire Magic     | 1 |  1.0
Shields        | 1 |  1.5
Spellcasting   | 4 |  4.1
Earth Magic    | 4 |  4.1
Dodging        | |  2.4
Stealth        | |  2.4
Transmutations | |  1.1

Action                   |  1- 3 |  4- 6 || total
-------------------------+-------+-------++-------
 Cast: Sandblast         |    35 |     4 ||    39
Dodge: Dodged            |     2 |       ||     2
Block: Buckler           |     3 |       ||     3
